 Dungeon Crawl Stone Soup version 0.23.0-3-gf3c87f2 (webtiles) character file.

Game seed: 3065308972234663124

3847 SeriousVitamin the Arsonist (level 9, 0/45 HPs)
             Began as a Deep Elf Fire Elementalist on Feb 22, 2019.
             Was a Follower of Vehumet.
             Slain by a wolf (7 damage)
             ... led by Grum
             ... on level 8 of the Dungeon.
             The game lasted 00:22:21 (7917 turns).

SeriousVitamin the Arsonist (DEFE)                  Turns: 7917, Time: 00:22:22

Health: 0/45       AC:  8    Str:  2    XL:     9   Next: 98%
Magic:  3/23       EV: 12    Int: 24    God:    Vehumet [*.....]
Gold:   182        SH:  8    Dex: 19    Spells: 12/25 levels left

rFire    . . .     SeeInvis .   y - +3 dagger (venom)
rCold    . . .     Gourm    .   f - +0 buckler
rNeg     + + .     Faith    .   h - +2 robe {rN+}
rPois    .         Spirit   .   e - +0 helmet
rElec    .         Reflect  +   p - +0 cloak
rCorr    .         Harm     .   J - +1 pair of gloves of the Lizard {rN+ Dex+4}
MR       .....                  (no boots)
Stlth    +++.......             B - +4 amulet of reflection
HPRegen  0.15/turn              k - ring of stealth
MPRegen  0.18/turn              x - -3 ring of strength (curse)

@: no status effects
A: no striking features
a: Renounce Religion


You were on level 8 of the Dungeon.
You worshipped Vehumet.
Vehumet was aware of your devotion.
You were not hungry.

You visited 2 branches of the dungeon, and saw 9 of its levels.
You also visited: Sewer.

You collected 391 gold pieces.
You spent 209 gold pieces at shops.

Inventory:

Hand Weapons
 y - a +3 dagger of venom (weapon)
Armour
 e - a +0 helmet (worn)
 f - a +0 buckler (worn)
 h - a +2 robe of positive energy (worn)
 p - a +0 cloak (worn)
 J - the +1 pair of gloves of the Lizard (worn) {rN+ Dex+4}
   (You bought it in a shop on level 4 of the Dungeon)

   It affects your dexterity (+4).
   It protects you from negative energy.
Jewellery
 k - a ring of stealth (left hand)
 w - an uncursed ring of stealth
 x - a cursed -3 ring of strength (right hand)
 B - a +4 amulet of reflection (around neck)
Wands
 o - a wand of flame (26)
 v - a wand of scattershot (4)
 A - a wand of acid (6)
 C - a wand of disintegration (1)
 L - a wand of random effects (14)
Scrolls
 g - a scroll of remove curse {unknown}
 j - 2 scrolls of amnesia
 r - 2 scrolls of teleportation
 u - 2 scrolls of fog
 H - a scroll of blinking {unknown}
 K - a scroll of enchant armour {unknown}
Potions
 a - a potion of lignification
 b - 2 potions of curing
 d - 3 potions of brilliance
 l - a potion of cancellation {unknown}
 n - a potion of resistance {unknown}
 q - a potion of might
 s - 4 potions of invisibility
 t - 3 potions of ambrosia {unknown}
 z - a potion of mutation
 D - a potion of magic
 E - 4 potions of flight
 F - 3 potions of agility {unknown}
Comestibles
 c - 8 rations


   Skills:
 - Level 2.4 Dodging
 - Level 2.4 Stealth
 + Level 8.9 Spellcasting
 * Level 10.0 Conjurations
 * Level 10.4 Fire Magic


You had 12 spell levels left.
You knew the following spells:

 Your Spells              Type           Power        Failure   Level  Hunger
a - Flame Tongue          Conj/Fire      #####        1%          1    None
c - Conjure Flame         Conj/Fire      ######..     1%          3    None
e - Sticky Flame          Conj/Fire      ######..     1%          4    ##.....
f - Fireball              Conj/Fire      ######....   4%          5    ####...

Your spell library contained the following spells:

 Spells                   Type           Power        Failure   Level  Hunger
 Shock                    Conj/Air       ####         1%          1    None
 Throw Flame              Conj/Fire      ######       1%          2    None
 Inner Flame              Hex/Fire       #####...     3%          3    None


Dungeon Overview and Level Annotations

Branches:
Dungeon (8/15)             Temple (1/1) D:6
   Lair: D:8-11

Altars:
Ashenzari
Cheibriados
Dithmenos
Elyvilon
Fedhas
Gozag
Hepliaklqana
Kikubaaqudgha
Makhleb
Nemelex Xobeh
Okawaru
Qazlal
Ru
Sif Muna
Trog
Uskayaw
Vehumet
Wu Jian
Xom
Yredelemnul
Zin
The Shining One

Shops:
D:3 *   D:4 [

Annotations:
D:8 Grum


Message History

Vehumet accepts your kill.
You hear an angry growl.
The wolf closely misses you. The wolf bites you.
* * * LOW HITPOINT WARNING * * *
The wolf barely misses you.
You hit the wolf.
You kill the wolf!
Vehumet accepts your kill.
Your Conjurations skill increases to level 10!
You start resting.
Grum is too close now for your liking.
The wolf howls!
The wolf barely misses you. The wolf bites you but does no damage.
The wolf bites you.
* * * LOW HITPOINT WARNING * * *
The wolf bites you.
* * * LOW HITPOINT WARNING * * *
You block the wolf's attack. The wolf bites you!
You die...

########## #### #........#
..## #........# ###..#
#........# .#### ##<(..#
###........#
>...(.####.)...###..........#
...........)......)#†.......#
$###...).[.).....###........#
...........)[..@.###..†.....#
########.......#h.####.######
###..<<.##...g....#
#.......###......# #.......#
##.....# #.......# #.....#
#))...?.. ####### #..#.......
#g########.#


You could see Grum and a wolf.

Vanquished Creatures
  Pikel (D:8)
  A hippogriff (D:7)
  A hungry ghost (D:5)
  Edmund (D:4)
  A phantom (D:7)
  An orc warrior (D:7)
  2 slaves
  2 ice beasts
  7 ogres
  A centaur (D:5)
  3 wolves (D:8)
  Blork the orc (D:5)
  A bullfrog (D:6)
  2 gnoll sergeants
  4 scorpions
  7 wights
  2 howler monkeys
  2 crimson imps
  4 orc priests
  A jelly (D:7)
  3 orc wizards
  An iguana (D:7)
  Jessica (D:2)
  Ijyb (D:5)
  Terence (D:2)
  3 worker ants
  A hound zombie (D:5)
  A worker ant zombie (D:7)
  10 gnolls
  A howler monkey skeleton (D:4)
  8 adders
  2 shadow imps
  4 oozes
  An adder zombie (D:6)
  An adder skeleton (D:4)
  6 worms
  2 dart slugs
  9 leopard geckos
  16 orcs
  4 ball pythons
  3 bat zombies (D:5)
  9 giant cockroaches
  9 goblins
  9 hobgoblins
  15 jackals
  5 quokkas
  10 bats
  5 frilled lizards
  A jackal skeleton (D:4)
  6 kobolds
  A quokka skeleton (D:7)
  10 rats
  2 rat zombies (D:5)
206 creatures vanquished.

Vanquished Creatures (others)
  2 slaves (D:8)
  An orc (D:8)
3 creatures vanquished.

Grand Total: 209 creatures vanquished

Notes
Turn   | Place    | Note
-------+----------+-------------------------------------------
     0 | D:1      | SeriousVitamin the Deep Elf Fire Elementalist began the
                  | quest for the Orb.
     0 | D:1      | Reached XP level 1. HP: 10/10 MP: 6/6
     2 | D:1      | Noticed a centaur
     2 | D:1      | Noticed a vine stalker
     4 | D:1      | Noticed a demonspawn
     4 | D:1      | Noticed a gargoyle
     6 | D:1      | Noticed a troll
     6 | D:1      | Noticed a formicid
     8 | D:1      | Noticed a dwarf
    10 | D:1      | Noticed a spriggan
    10 | D:1      | Noticed a ghoul
    12 | D:1      | Noticed an ogre
    12 | D:1      | Noticed a naga
    14 | D:1      | Noticed a halfling
    14 | D:1      | Noticed a merfolk
    16 | D:1      | Noticed a human
    18 | D:1      | Noticed a demigod
    18 | D:1      | Noticed an elf
    20 | D:1      | Noticed a vampire
    22 | D:1      | Noticed an octopode
    22 | D:1      | Noticed a felid
    24 | D:1      | Noticed a draconian
    26 | D:1      | Noticed a minotaur
    26 | D:1      | Noticed a tengu
   341 | D:1      | Reached XP level 2. HP: 15/15 MP: 1/8
   529 | D:1      | Reached XP level 3. HP: 16/19 MP: 6/9
  1099 | D:2      | Learned a level 3 spell: Conjure Flame
  1107 | D:2      | Noticed Jessica
  1120 | D:2      | Killed Jessica
  1203 | D:2      | Reached XP level 4. HP: 18/24 MP: 8/11
  1736 | D:2      | Noticed Terence
  1795 | D:2      | Killed Terence
  1795 | D:2      | Reached XP level 5. HP: 28/28 MP: 4/13
  2307 | D:3      | Reached skill level 5 in Fire Magic
  2381 | D:3      | Found a sparkling altar of Nemelex Xobeh.
  2450 | D:3      | Found an opulent altar of Gozag.
  2505 | D:3      | Found Gozag's Platinum Reserve.
  2656 | D:3      | Reached XP level 6. HP: 30/32 MP: 5/14
  3180 | D:4      | Learned a level 4 spell: Sticky Flame
  3249 | D:4      | Found a shattered altar of Ashenzari.
  3249 | D:4      | Found a basalt altar of Yredelemnul.
  3260 | D:4      | Found Jiklemig's Antique Armour Emporium.
  3264 | D:4      | Noticed an ice beast
  3278 | D:4      | Killed an ice beast
  3278 | D:4      | Reached skill level 5 in Spellcasting
  3278 | D:4      | Reached skill level 5 in Conjurations
  3511 | D:4      | Noticed Edmund
  3558 | D:4      | Killed Edmund
  3558 | D:4      | Reached XP level 7. HP: 35/36 MP: 6/17
  3631 | D:5      | Entered Level 5 of the Dungeon
  3635 | D:5      | Noticed a hungry ghost
  3646 | D:5      | Killed a hungry ghost
  3772 | D:5      | Noticed Blork the orc
  3807 | D:5      | Killed Blork the orc
  3871 | D:5      | Reached XP level 8. HP: 28/41 MP: 11/19
  4463 | D:5      | Found an ancient bone altar of Kikubaaqudgha.
  4818 | D:5      | Noticed Ijyb
  4829 | D:5      | Killed Ijyb
  5067 | D:6      | Learned a level 5 spell: Fireball
  5123 | D:6      | Found a glowing drain.
  5140 | Sewer    | Entered a sewer
  5692 | D:4      | Bought a pair of bloodstained gloves for 209 gold pieces
  5697 | D:4      | Identified the +1 pair of gloves of the Lizard {rN+ Dex+4}
                  | (You bought it in a shop on level 4 of the Dungeon)
  5796 | D:6      | Found a staircase to the Ecumenical Temple.
  5940 | Temple   | Entered the Ecumenical Temple
  6076 | Temple   | Became a worshipper of Vehumet
  6163 | D:6      | Reached XP level 9. HP: 45/45 MP: 9/22
  7604 | D:8      | Noticed Pikel
  7790 | D:8      | Killed Pikel
  7790 | D:8      | Reached skill level 10 in Fire Magic
  7876 | D:8      | Noticed Grum
  7898 | D:8      | Reached * piety under Vehumet
  7898 | D:8      | Offered knowledge of Shock by Vehumet.
  7900 | D:8      | Reached skill level 10 in Conjurations
  7917 | D:8      | Slain by a wolf

Skill      XL: |  1  2  3  4  5  6  7  8  9 |
---------------+----------------------------+-----
Conjurations   | 2 3 4 5 6 8 10 | 10.0
Fire Magic     | 4 5 6 7 8 10 | 10.4
Spellcasting   | 4 5 6 7 8 |  8.9
Dodging        | |  2.4
Stealth        | |  2.4

Action                   |  1- 3 |  4- 6 |  7- 9 || total
-------------------------+-------+-------+-------++-------
Melee: Hand axe          |       |    14 |       ||    14
       Flail             |       |       |    37 ||    37
       Dagger            |       |       |    60 ||    60
 Cast: Flame Tongue      |    46 |   146 |   208 ||   400
       Conjure Flame     |     1 |     2 |     4 ||     7
       Sticky Flame      |       |     1 |    17 ||    18
       Fireball          |       |       |    11 ||    11
  Use: Scroll            |       |     9 |     6 ||    15
       Potion            |       |       |     3 ||     3
 Stab: Sleeping          |       |     2 |     1 ||     3
  Eat: Chunk             |       |     7 |    15 ||    22
       Ration            |       |       |     1 ||     1
Armor: Robe              |     2 |    20 |    58 ||    80
Dodge: Dodged            |    10 |    49 |   124 ||   183
Block: Buckler           |       |       |    33 ||    33
